 Dungeon Crawl Stone Soup version 0.28-a0-1629-gf728b707aa (webtiles) character file.

Game seed: 6539984694186760384

62 HallandMoats the Chucker (level 4, 0/37 HPs)
             Began as a Ghoul Hunter on Jan 24, 2022.
             Was a Believer of Qazlal.
             Slain by an iguana (6 damage)
             ... on level 3 of the Dungeon.
             The game lasted 00:03:12 (2984 turns).

HallandMoats the Chucker (Ghoul Hunter)             Turns: 2984, Time: 00:03:12

Health: 0/37       AC:  3    Str: 15    XL:     4   Next: 8%
Magic:  4/4        EV: 11    Int:  6    God:    Qazlal [**....]
Gold:   56         SH:  7    Dex: 11    Spells: 3/3 levels left

rFire   . . .      SeeInvis .   b - +1 spear
rCold   + . .      Faith    .   g - +1 buckler
rNeg    + + +      Spirit   .   j - +0 leather armour
rPois   ∞          Reflect  .   (no helmet)
rElec   .          Harm     .   (no cloak)
rCorr   .          Rampage  .   (no gloves)
Will    .....                   (no boots)
Stlth   +.........              (no amulet)
HPRegen 0.00/turn               (no ring)
MPRegen 0.09/turn               (no ring)

@: inhibited regen
A: claws 1, cold resistance 1, negative energy resistance 3, inhibited
regeneration, torment resistance 2
a: Renounce Religion, Upheaval


You were on level 3 of the Dungeon.
You worshipped Qazlal.
Qazlal was pleased with you.
You visited 1 branch of the dungeon, and saw 4 of its levels.

You collected 56 gold pieces.

Inventory:

Hand Weapons
 a - a +0 short sword
 b - a +1 spear (weapon)
Missiles
 c - 6 javelins (quivered)
 d - 2 throwing nets
Armour
 g - a +1 buckler (worn)
 j - a +0 leather armour (worn)
Jewellery
 i - a ring of resist corrosion
Scrolls
 e - a scroll of torment {unknown}
 h - a scroll of vulnerability
 k - a scroll of summoning {unknown}
 l - 2 scrolls of teleportation
Potions
 f - a potion of heal wounds {unknown}
 m - a potion of attraction {unknown}


   Skills:
 * Level 2.9 Fighting
 * Level 0.9 Polearms
 - Level 3.6 Throwing
 + Level 0.7 Armour
 + Level 2.0 Dodging
 - Level 1.1 Stealth
 + Level 0.9 Shields
 * Level 1.9 Invocations


You had 3 spell levels left.
You didn't know any spells.
Your spell library contained the following spells:

 Spells                   Type           Power      Damage    Failure   Level
 Corpse Rot               Necr/Air       0%         N/A       77%         2
 Poisonous Vapours        Pois/Air       0%         N/A       77%         2
 Conjure Flame            Conj/Fire      0%         6-21      94%         3
 Ignite Poison            Fire/Tmut/Pois 0%         N/A       94%         3
 Sticky Flame             Conj/Fire      0%         2d3       100%        4


Dungeon Overview and Level Annotations

Branches:
Dungeon (4/15)
 Temple: D:4-7

Altars:
Qazlal
Uskayaw


Innate Abilities, Weirdness & Mutations

You thrive by killing the living.
You are immune to poison.
You have sharp fingernails.
Your flesh is cold resistant. (rC+)
You are immune to negative energy. (rN+++)
You do not regenerate when monsters are visible.
You are immune to unholy pain and torment.


Message History

No target in view!
You hear an angry hiss.
You hit the iguana but do no damage. The iguana barely misses you.
You hit the iguana.
The iguana is lightly wounded.
The iguana bites you!
You hit the iguana but do no damage.
The iguana is lightly wounded.
The iguana closely misses you.
You completely miss the iguana.
The iguana is lightly wounded.
The iguana closely misses you.
You barely miss the iguana.
The iguana is lightly wounded.
The iguana bites you.
You hit the iguana.
The iguana is moderately wounded.
The iguana bites you but does no damage.
You hit the iguana.
The iguana is heavily wounded.
The iguana misses you.
You hit the iguana but do no damage.
The iguana is heavily wounded.
The iguana bites you. You block the iguana's attack.
You are too injured to fight recklessly!
You are too injured to fight recklessly!
You are too injured to fight recklessly!
You are too injured to fight recklessly!
You are too injured to fight recklessly!
You hit the iguana.
The iguana is severely wounded.
The iguana bites you!
* * * LOW HITPOINT WARNING * * *
You closely miss the iguana.
The iguana is severely wounded.
The iguana barely misses you.
You hit the iguana.
The iguana is severely wounded.
The iguana bites you.
You die...

.. ....###. ...
....... .... ......
. ..###.... .. . ..
....... ....
#...###.......#.#
##.#......l##.....
###.... #..@.......
.....#.###.#°.####..
..............#...
#..............#
#.....>.......##
.........†....##
.#.............#
#####.......#....
#.......#..###..


You could see an iguana.

Vanquished Creatures
  2 adders (D:2)
  A dart slug (D:4)
  2 endoplasms
  3 giant cockroaches
  2 goblins (D:1)
  3 hobgoblins
  4 kobolds
  6 quokkas
  7 ball pythons
  3 bats (D:2)
  6 frilled lizards
  4 rats
43 creatures vanquished.

Notes
Turn   | Place    | Note
-------+----------+-------------------------------------------
     0 | D:1      | HallandMoats the Ghoul Hunter began the quest for the Orb.
     0 | D:1      | Reached XP level 1. HP: 17/17 MP: 0/0
   379 | D:1      | Reached XP level 2. HP: 21/25 MP: 1/1
   416 | D:1      | Reached skill level 1 in Invocations
  1141 | D:1      | Found a faded altar of an unknown god.
  1344 | D:1      | Prayed at the altar of an unknown god.
  1344 | D:1      | Became a worshipper of Qazlal Stormbringer
  1344 | D:1      | Reached * piety under Qazlal
  1758 | D:2      | Reached XP level 3. HP: 27/30 MP: 2/2
  2717 | D:2      | You fall into a shaft and drop 2 floors!
  2717 | D:4      | Found a hide-covered altar of Uskayaw.
  2844 | D:4      | Reached ** piety under Qazlal
  2845 | D:4      | Reached XP level 4. HP: 32/37 MP: 4/4
  2984 | D:3      | Slain by an iguana

Illustrated notes

Levels and vault maps discovered:
D:1:      zaba_arrival_water, layout_basic,
          hellmonk_ecumenical_altar_leap_of_faith, minmay_misc_feat_cross,
          st_stairs_11, minmay_misc_feat_secret_circle
D:2:      layout_loops_corners
D:3:      layout_rooms, minmay_quadrilaterals, uniq_robin
D:4:      layout_loops_ring, nicolae_uskayaw_suspiria,
          nicolae_overflow_hidden_temple, serial_glass, glass_columns_a,
          glass_columns_b, glass_columns_a, glass_columns_c, glass_columns_a,
          glass_columns_c, glass_columns_a, glass_columns_a, glass_columns_a,
          glass_columns_a, uniq_grinder

Skill      XL: |  1  2  3 |
---------------+----------+-----
Invocations    | 1 |  1.9
Dodging        | 2 |  2.0
Fighting       | |  2.9
Polearms       | |  0.9
Throwing       | |  3.6
Armour         | |  0.7
Stealth        | |  1.1
Shields        | |  0.9

Action                   |  1- 3 |  4- 6 || total
-------------------------+-------+-------++-------
Melee: Short sword       |    78 |       ||    78
       Spear             |   125 |    22 ||   147
Throw: Javelin           |     1 |       ||     1
  Use: Scroll            |     5 |       ||     5
Armor: Leather armour    |    48 |     2 ||    50
Dodge: Dodged            |   104 |     7 ||   111
Block: Buckler           |    39 |     1 ||    40

Table legend: (Time is in decaauts)
 A = Elapsed time spent in this place.
 B = Non-inter-level travel time spent in this place.
 C = Inter-level travel time spent in this place.
 D = Time resting spent in this place.
 E = Time spent auto-exploring this place.
 F = Levels seen in this place.
 G = Mean time per level.
                   A        B        C        D        E       F      G
               +--------+--------+--------+--------+--------+-----+--------+
         Total |   3017 |   2935 |     82 |      0 |   2505 |   4 |  754.2 |
       Dungeon |   3017 |   2935 |     82 |      0 |   2505 |   4 |  754.2 |
               +--------+--------+--------+--------+--------+-----+--------+

Top non-repeatable levels by time:
     D:1: 1533 daAuts
     D:2: 1214 daAuts
     D:4: 209 daAuts
     D:3: 59 daAuts
